 Dungeon Crawl Stone Soup version 0.29-a0-67-g1d65ae1bb4 (webtiles) character file.

Game seed: 7002711031466539481

39 Bosse the Covered (level 3, 0/23 HPs)
             Began as a Gargoyle Fighter on Feb 3, 2022.
             Was a Follower of Nemelex Xobeh.
             Slain by a worm (5 damage)
             ... on level 2 of the Dungeon.
             The game lasted 00:05:07 (1218 turns).

Bosse the Covered (Gargoyle Fighter)                Turns: 1218, Time: 00:05:08

Health: 0/23       AC: 10    Str: 21    XL:     3   Next: 45%
Magic:  3/3        EV:  9    Int:  8    God:    Nemelex Xobeh [*.....]
Gold:   34         SH:  5    Dex:  9    Spells: 2/2 levels left

rFire   . . .      SeeInvis .   a - +0 flail
rCold   . . .      Faith    .   c - +1 buckler
rNeg    + . .      Spirit   .   b - +0 scale mail
rPois   ∞          Reflect  .   (no helmet)
rElec   +          Harm     .   (no cloak)
rCorr   .          Rampage  .   (no gloves)
Will    .....                   (no boots)
Stlth   ..........              (no amulet)
HPRegen 0.07/turn               (no ring)
MPRegen 0.08/turn               (no ring)

@: no status effects
A: sickness immunity, AC +3, negative energy resistance 1, electricity
resistance, torment resistance 1, petrification resistance
a: Renounce Religion, Draw Escape, Draw Destruction, Draw Summoning


You were on level 2 of the Dungeon.
You worshipped Nemelex Xobeh.
Nemelex Xobeh was aware of your devotion.
You visited 1 branch of the dungeon, and saw 2 of its levels.

You collected 34 gold pieces.

Inventory:

Hand Weapons
 a - a +0 flail (weapon)
Armour
 b - a +0 scale mail (worn)
 c - a +1 buckler (worn)
Wands
 h - a wand of paralysis (7)
Potions
 d - a potion of might
 g - a potion of ambrosia


   Skills:
 + Level 3.5 Fighting
 + Level 2.4 Maces & Flails
 + Level 3.8 Armour
 + Level 0.4 Dodging
 + Level 0.3 Stealth
 + Level 3.6 Shields


You had 2 spell levels left.
You didn't know any spells.
Your spell library was empty.

Dungeon Overview and Level Annotations

Branches:
Dungeon (2/15)

Altars:
Nemelex Xobeh


Innate Abilities, Weirdness & Mutations

You are immune to sickness and miasma.
Your stone body is resilient. (AC +3)
You are immune to poison.
You resist negative energy. (rN+)
You are resistant to electric shocks. (rElec)
You are resistant to unholy torment.
You are immune to petrification.


Message History

You hit the worm.
The worm is lightly wounded.
The quokka bites you but does no damage.
The worm bites you but does no damage. The quokka barely misses you.
You hit the worm.
The worm is heavily wounded.
You block the quokka's attack. The worm bites you but does no damage.
You hit the worm.
The worm is heavily wounded.
The quokka barely misses you. x2; The worm bites you but does no damage.
You barely miss the worm.
The worm is moderately wounded.
The quokka misses you.
You barely miss the worm.
The worm is moderately wounded.
The quokka bites you but does no damage.
The worm bites you. You block the quokka's attack.
You hit the worm.
The worm is moderately wounded.
The quokka misses you. You block the worm's attack.
You completely miss the worm.
The worm is moderately wounded.
The quokka bites you but does no damage.
The quokka barely misses you. The worm bites you.
* * * LOW HITPOINT WARNING * * *
You hit the worm.
The worm is moderately wounded.
The quokka bites you but does no damage.
A hobgoblin comes into view.
The worm bites you but does no damage.
The hobgoblin shouts!
You hit the worm.
The worm is heavily wounded.
You block the quokka's attack.
The quokka bites you but does no damage.
You hit the worm but do no damage.
The worm is heavily wounded.
The quokka closely misses you. The worm bites you.
You die...
Your body disappears without a glow.

#.. .... .. #.. .... #.
#.. .....#. #. .....#. #
....... .......##
..g...†)# ########
......w@#########.......
......r...........######
?........##########
........## #.......#
#.......# ##.....##
##...# ####


You could see a worm, a quokka and a hobgoblin.

Vanquished Creatures
  3 dart slugs
  4 ball pythons (D:2)
  3 bats (D:1)
  An endoplasm (D:2)
  2 giant cockroaches
  2 goblins (D:2)
  4 hobgoblins
  A jackal (D:2)
  A quokka (D:2)
  A frilled lizard (D:2)
  4 kobolds
  A rat (D:2)
27 creatures vanquished.

Notes
Turn   | Place    | Note
-------+----------+-------------------------------------------
     0 | D:1      | Bosse the Gargoyle Fighter began the quest for the Orb.
     0 | D:1      | Reached XP level 1. HP: 14/14 MP: 1/1
   255 | D:1      | Reached XP level 2. HP: 19/19 MP: 2/2
   355 | D:1      | Found a faded altar of an unknown god.
   502 | D:1      | Prayed at the altar of an unknown god.
   502 | D:1      | Became a worshipper of Nemelex Xobeh the Trickster
   502 | D:1      | Reached * piety under Nemelex Xobeh
   688 | D:2      | Received a gift from Nemelex Xobeh
   883 | D:2      | Reached XP level 3. HP: 23/23 MP: 3/3
  1218 | D:2      | Slain by a worm

Illustrated notes

Levels and vault maps discovered:
D:1:      matt_arrival_refuge, layout_basic, basic_ecumenical_altar,
          dk_noncrumbling_4
D:2:      layout_rooms, minmay_increasing_density

Action                   || total
-------------------------++-------
Melee: Flail             ||   107
Invok: Draw Escape       ||     1
       Draw Destruction  ||     1
  Use: Scroll            ||     7
Armor: Scale mail        ||    75
Dodge: Dodged            ||    66
Block: Buckler           ||    45

Table legend: (Time is in decaauts)
 A = Elapsed time spent in this place.
 B = Non-inter-level travel time spent in this place.
 C = Inter-level travel time spent in this place.
 D = Time resting spent in this place.
 E = Time spent auto-exploring this place.
 F = Levels seen in this place.
 G = Mean time per level.
                   A        B        C        D        E       F      G
               +--------+--------+--------+--------+--------+-----+--------+
         Total |   1252 |   1208 |     44 |    130 |    805 |   2 |  626.0 |
       Dungeon |   1252 |   1208 |     44 |    130 |    805 |   2 |  626.0 |
               +--------+--------+--------+--------+--------+-----+--------+

Top non-repeatable levels by time:
     D:1: 698 daAuts
     D:2: 554 daAuts
